 Dungeon Crawl Stone Soup version 0.27-a0-1595-g0b823d0a13 (webtiles) character file.

Game seed: 13650319258218831214

273 elagabalus the Cudgeller (level 6, 0/37 HPs)
             Began as a Gargoyle Fighter on July 20, 2021.
             Frozen to death by an endoplasm (3 damage)
             ... on level 3 of the Dungeon.
             The game lasted 00:22:59 (2421 turns).

elagabalus the Cudgeller (Gargoyle Fighter)         Turns: 2421, Time: 00:23:00

Health: 0/37       AC: 14    Str: 22    XL:     6   Next: 24%
Magic:  6/6        EV:  9    Int:  8    God:
Gold:   82         SH:  4    Dex:  9    Spells: 5/5 levels left

rFire    . . .     SeeInvis .   g - +0 mace
rCold    . . .     Faith    .   f - +0 buckler
rNeg     + . .     Spirit   .   b - +0 scale mail
rPois    ∞         Reflect  .   k - +1 helmet
rElec    +         Harm     .   i - +0 cloak
rCorr    .         Rampage  .   (no gloves)
Will     .....                  (no boots)
Stlth    ..........             (no amulet)
HPRegen  0.12/turn              a - +4 ring of protection
MPRegen  0.10/turn              (no ring)

@: corroded, hasted, very quick
A: sickness immunity, AC +4, negative energy resistance 1, electricity
resistance, torment resistance 1, petrification resistance
a: no special abilities


You were on level 3 of the Dungeon.
You visited 1 branch of the dungeon, and saw 3 of its levels.

You collected 82 gold pieces.

Inventory:

Hand Weapons
 g - a +0 mace (weapon)
Armour
 b - a +0 scale mail (worn)
 f - a +0 buckler (worn)
 i - a +0 cloak (worn)
 k - a +1 helmet (worn)
Jewellery
 a - a +4 ring of protection (left hand)
Scrolls
 c - a scroll of identify
 n - a scroll of teleportation
Potions
 d - 2 potions of might
 e - 2 potions of curing {unknown}
 h - a potion of ambrosia {unknown}
 j - a potion of flight {unknown}
 l - a potion of brilliance
 m - a potion of haste


   Skills:
 - Level 3.2 Fighting
 + Level 6.1 Maces & Flails
 - Level 3.2 Armour
 * Level 3.8 Shields


You had 5 spell levels left.
You didn't know any spells.
Your spell library contained the following spells:

 Spells                   Type           Power      Damage    Failure   Level
 Gell's Gravitas          Tloc           0%         N/A       98%         3
 Lesser Beckoning         Tloc           0%         N/A       98%         3
 Teleport Other           Tloc           0%         N/A       98%         3


Dungeon Overview and Level Annotations

Branches:
Dungeon (3/15)

Altars:


Innate Abilities, Weirdness & Mutations

You are immune to sickness and miasma.
Your stone body is resilient. (AC +4)
You are immune to poison.
You resist negative energy. (rN+)
You are resistant to electric shocks. (rElec)
You are resistant to unholy torment.
You are immune to petrification.


Message History

The jelly misses you. The jelly closely misses you.
You hit the jelly.
Your hands burn!
* * * LOW HITPOINT WARNING * * *
The jelly is severely wounded.
The jelly completely misses you.
You sock the jelly!
You kill the jelly!
You hit the endoplasm.
The endoplasm is heavily wounded.
The endoplasm barely misses you.
The endoplasm hits you but does no damage.
You hit the endoplasm but do no damage.
The endoplasm is heavily wounded.
The endoplasm hits you but does no damage.
You hit the endoplasm but do no damage.
The endoplasm is heavily wounded.
The endoplasm freezes you.
You are frozen.
* * * LOW HITPOINT WARNING * * *
You hit the endoplasm.
You kill the endoplasm!
You barely miss the endoplasm.
The endoplasm is heavily wounded.
You block the endoplasm's attack.
You hit the endoplasm but do no damage.
The endoplasm is heavily wounded.
The endoplasm freezes you.
You are frozen.
* * * LOW HITPOINT WARNING * * *
You block the endoplasm's attack.
You thump the endoplasm!
You kill the endoplasm!
You feel yourself speed up. The endoplasm freezes you.
You are frozen.
* * * LOW HITPOINT WARNING * * *
You barely miss the endoplasm. The endoplasm freezes you.
You are frozen.
You die...

#####.### ##.....## #.#
#..##
#...###.......###.#
#..#
###..##.......##..#
#..## #..##.......###.#
#...) #..##.......# #.#
#.### ####.######....#
#.# #.###
###....###..'....# #.#
#.##.
#......##.######## #.#
#.##.
##[.....###..)..@##
#.## #.##. ........#
#######J# #..# #.##.
.......##
.P.JJP..J##..######.##.
#......#
...P.P÷÷.##.........##.
#.##.###
÷P..÷....##.##########.
#.##.# .÷J.÷÷J..##.<#
#. #.##.#
...P...P.###.####### #.
#.##.#
?..÷.....##........# #.
#.##.#
############.#####.# #.


You could see 2 endoplasms.

Vanquished Creatures
  2 jellies (D:3)
  Jessica (D:2)
  2 orc wizards (D:3)
  Robin (D:2)
  3 adders
  An ufetubus (D:3)
  A worm (D:2)
  2 dart slugs (D:3)
  7 orcs (D:3)
  8 endoplasms
  A giant cockroach (D:3)
  10 goblins
  8 hobgoblins
  4 jackals (D:1)
  14 kobolds
  A quokka (D:1)
  4 ball pythons
  4 bats
  4 frilled lizards
  7 rats
85 creatures vanquished.

Vanquished Creatures (others)
  2 fungi (D:3)
  A plant (D:1)
  7 toadstools (D:3)
10 creatures vanquished.

Grand Total: 95 creatures vanquished

Notes
Turn   | Place    | Note
-------+----------+-------------------------------------------
     0 | D:1      | elagabalus the Gargoyle Fighter began the quest for the
                  | Orb.
     0 | D:1      | Reached XP level 1. HP: 14/14 MP: 1/1
   116 | D:1      | Reached XP level 2. HP: 11/19 MP: 2/2
   220 | D:1      | Reached skill level 3 in Maces & Flails
   320 | D:1      | Found a faded altar of an unknown god.
   626 | D:1      | Reached XP level 3. HP: 22/23 MP: 3/3
  1036 | D:2      | Noticed Jessica
  1041 | D:2      | Killed Jessica
  1042 | D:2      | Reached skill level 4 in Maces & Flails
  1042 | D:2      | Reached XP level 4. HP: 27/28 MP: 4/4
  1146 | D:2      | Noticed Robin
  1155 | D:2      | Killed Robin
  1583 | D:3      | Reached skill level 5 in Maces & Flails
  1583 | D:3      | Reached XP level 5. HP: 24/32 MP: 5/5
  2406 | D:3      | Reached XP level 6. HP: 22/37 MP: 6/6
  2407 | D:3      | Reached skill level 6 in Maces & Flails
  2421 | D:3      | Frozen to death by an endoplasm

Illustrated notes

Levels and vault maps discovered:
D:1:      minmay_arrival_pointy, layout_basic,
          dreamdust_ecumenical_altar_hidden_monk_grotto
D:2:      layout_loops_ring, uniq_robin, uniq_jessica
D:3:      cheibrodos_fertilizer, layout_loops_ring

Skill      XL: |  1  2  3  4  5  6 |
---------------+-------------------+-----
Maces & Flails | 3 4 5 6 |  6.1
Fighting       | |  3.2
Armour         | |  3.2
Shields        | |  3.8

Action                   |  1- 3 |  4- 6 || total
-------------------------+-------+-------++-------
Melee: Flail             |    76 |       ||    76
       Mace              |    37 |   187 ||   224
  Use: Scroll            |       |     5 ||     5
       Potion            |       |     1 ||     1
Armor: Scale mail        |    55 |    89 ||   144
Dodge: Dodged            |    33 |    62 ||    95
Block: Kite shield       |    54 |    29 ||    83
       Buckler           |       |    19 ||    19

Table legend: (Time is in decaauts)
 A = Elapsed time spent in this place.
 B = Non-inter-level travel time spent in this place.
 C = Inter-level travel time spent in this place.
 D = Time resting spent in this place.
 E = Time spent auto-exploring this place.
 F = Levels seen in this place.
 G = Mean time per level.
                   A        B        C        D        E       F      G
               +--------+--------+--------+--------+--------+-----+--------+
         Total |   2519 |   1011 |   1508 |      0 |      0 |   3 |  839.7 |
       Dungeon |   2519 |   1011 |   1508 |      0 |      0 |   3 |  839.7 |
               +--------+--------+--------+--------+--------+-----+--------+

Top non-repeatable levels by time:
     D:1: 990 daAuts
     D:3: 874 daAuts
     D:2: 655 daAuts
